 Dungeon Crawl Stone Soup version 0.24.0-1-gfbc8707122 (webtiles) character file.

Game seed: 326429288785261851, levelgen mode: deterministic

21337 OleJ the Carver (level 13, -27/81 (82) HPs)
             Began as a Kobold Hunter on Oct 26, 2019.
             Was a High Priest of Okawaru.
             Killed from afar by a deep elf mage (43 damage)
             ... with a bolt of cold
             ... on level 1 of the Elven Halls.
             The game lasted 00:51:22 (13292 turns).

OleJ the Carver (Kobold Hunter)                    Turns: 13292, Time: 00:51:23

HP:   -27/81 (82)   AC: 15    Str: 14    XL:     13   Next: 19%
MP:   11/13         EV: 19    Int: 14    God:    Okawaru [*****.]
Gold: 767           SH: 15    Dex: 18    Spells: 12/12 levels left

rFire    . . .     SeeInvis .   z - +8 demon blade "Bloodbane" {slice, *Rage +Rage Stlth-}
rCold    . . .     Gourm    .   k - +0 buckler {rN+}
rNeg     + + .     Faith    .   v - +2 leather armour "Jaud" {+Blink rN+ MR+ Str+2}
rPois    .         Spirit   .   (no helmet)
rElec    .         Reflect  +   (no cloak)
rCorr    .         Harm     .   F - +0 pair of gloves
MR       +....     Rnd*Rage +   K - +1 pair of boots {Stlth+}
Stlth    ++++......             p - brooch of Shielding {Reflect SH+8}
HPRegen  0.23/turn              j - +2 ring of dexterity
MPRegen  0.13/turn              i - +6 ring of protection

@: no status effects
A: small, carnivore
a: Heroism, Finesse, Renounce Religion, Evoke Blink, Evoke Berserk Rage


You were on level 1 of the Elven Halls.
You worshipped Okawaru.
Okawaru was extremely pleased with you.
You were not hungry.

You visited 3 branches of the dungeon, and saw 16 of its levels.

You collected 1287 gold pieces.
You spent 520 gold pieces at shops.

Inventory:

Hand Weapons
 q - a +3 falchion of flaming
 z - the +8 demon blade "Bloodbane" (weapon) {slice, *Rage +Rage Stlth-}
   (You found it on level 4 of the Dungeon)

   It inflicts extra damage upon your enemies.
   It lets you go berserk.
   It may make you go berserk in combat.
   It makes you less stealthy.
Missiles
 y - 77 bolts
Armour
 k - a +0 buckler of positive energy (worn)
 v - the +2 leather armour "Jaud" (worn) {+Blink rN+ MR+ Str+2}
   (You bought it in a shop on level 12 of the Dungeon)

   It affects your strength (+2).
   It protects you from negative energy.
   It affects your resistance to hostile enchantments.
   It lets you blink.
 F - a +0 pair of gloves (worn)
 K - a +1 pair of boots of stealth (worn)
Jewellery
 b - a +4 ring of intelligence
 i - a +6 ring of protection (right hand)
 j - a +2 ring of dexterity (left hand)
 p - the brooch of Shielding (around neck) {Reflect SH+8}
   (You found it on level 5 of the Dungeon)

   [amulet of reflection]

   It shields you and reflects attacks.
   It affects your SH (+8).
 s - an uncursed amulet of faith
 u - an uncursed ring of protection from fire
Wands
 a - a wand of flame (26)
 c - a wand of polymorph (8)
 l - a wand of enslavement (4)
 G - a wand of iceblast (9)
Scrolls
 h - a scroll of identify
 n - 7 scrolls of remove curse
 o - 3 scrolls of magic mapping
 r - a scroll of blinking
 C - a scroll of enchant armour
 E - 5 scrolls of enchant weapon
Potions
 d - a potion of might
 e - 2 potions of cancellation
 g - a potion of flight {unknown}
 t - 6 potions of curing
 A - 2 potions of resistance
 B - a potion of haste
 D - 2 potions of magic
Comestibles
 f - 18 rations


   Skills:
 + Level 10.2 Fighting
   Level 4.2(11.3) Short Blades
 + Level 10.7(10.9) Long Blades
   Level 6.7 Crossbows
 + Level 7.6 Armour
 - Level 7.0 Dodging
 - Level 7.1 Stealth
 + Level 5.0 Shields
 - Level 0.1 Unarmed Combat
 - Level 0.1 Invocations


You had 12 spell levels left.
You didn't know any spells.
Your spell library was empty.

Dungeon Overview and Level Annotations

Branches:
Dungeon (13/15)            Temple (0/1) D:7            Lair (0/6) D:11
    Orc (2/2) D:12            Elf (1/3) Orc:2
 Vaults: D:13-14

Altars:
Ashenzari
Makhleb
Okawaru
Trog
Uskayaw

Shops:
D:8 (   D:12 [

Annotations:
D:4 1 runed translucent door, OleJ's ghost, amateur HaHu


Innate Abilities, Weirdness & Mutations

You are small and have problems with some larger weapons.
You are carnivorous and can eat meat at any time.


Message History

You destroy the air elemental!
Okawaru accepts your kill.
You are engulfed in raging winds.
The deep elf mage mumbles some strange words.
The deep elf mage blinks!
You slash the deep elf mage!
The deep elf mage is severely wounded.
You are engulfed in raging winds.
You slash the deep elf mage!
The deep elf mage is almost dead.
You are engulfed in raging winds.
You float gracefully downwards.
You feel like a meek peon again.
The deep elf mage gestures at you while chanting.
The bolt of cold hits you!!
* * * LOW HITPOINT WARNING * * *
You blink.
You feel slightly more hungry. The deep elf mage casts a spell at you.
The bolt of cold hits you!!!
Ouch! That really hurt!
You die...

###########
#§e@.....<#
#)#########
#e........#
#..#...#..#
#.###.###.#
#.. E.. ..#
#.........#
#########+#


You could see a deep elf mage.

Vanquished Creatures
  Kirke (D:12)
  3 two-headed ogres
  An orc knight (Orc:1)
  A manticore (D:11)
  3 deep elf magi (Elf:1)
  3 ugly things (D:12)
  2 cyclopes
  A gargoyle (D:12)
  A redback zombie (D:12)
  5 trolls
  2 hippogriffs
  An air elemental (Elf:1)
  13 yaks
  A wyvern (D:12)
  A hungry ghost (D:11)
  4 vampire mosquitoes
  A warg (Orc:2)
  A water moccasin (D:11)
  Duvessa (D:4)
  5 sky beasts
  3 black bears
  An eye of draining (D:12)
  2 phantoms
  2 ice beasts (D:8)
  14 orc warriors
  2 necrophages (D:12)
  13 ogres
  9 centaurs
  Blork the orc (D:6)
  3 big kobolds (D:12)
  3 gnoll sergeants (D:12)
  8 bullfrogs
  Dowan (D:4)
  3 scorpions
  6 killer bees (D:12)
  10 wights
  3 howler monkeys (D:8)
  6 crimson imps
  2 bullfrog zombies
  2 centaur zombies
  3 jellies
  11 orc priests
  A hound (D:12)
  2 bullfrog skeletons
  4 centaur skeletons
  3 iguanas
  Ijyb (D:4)
  15 orc wizards
  6 worker ants
  A hound zombie (D:5)
  Robin (D:4)
  A howler monkey zombie (D:10)
  A mummy (D:12)
  A gnoll (D:12)
  13 adders
  5 shadow imps
  An ooze (D:1)
  2 adder skeletons
  3 worms (D:2)
  A dart slug (D:1)
  6 leopard geckos
  61 orcs
  3 ball pythons
  3 giant cockroaches
  21 goblins
  9 hobgoblins
  8 jackals
  2 quokkas
  4 bats
  5 frilled lizards
  11 kobolds
  A leopard gecko zombie (D:6)
  A quokka skeleton (D:3)
  A quokka zombie (D:6)
  6 rats
363 creatures vanquished.

Vanquished Creatures (others)
  A human (D:12)
  An ogre (D:12)
  A centaur (D:12)
  An orc wizard (D:12)
  3 plants (D:11)
  2 withered plants (D:4)
9 creatures vanquished.

Grand Total: 372 creatures vanquished

Notes
Turn   | Place    | Note
-------+----------+-------------------------------------------
     0 | D:1      | OleJ the Kobold Hunter began the quest for the Orb.
     0 | D:1      | Reached XP level 1. HP: 12/12 MP: 1/1
    68 | D:1      | Reached skill level 5 in Crossbows
    92 | D:1      | Reached XP level 2. HP: 13/17 MP: 2/2
   227 | D:1      | Reached XP level 3. HP: 15/22 MP: 3/3
  1139 | D:2      | Reached XP level 4. HP: 25/27 MP: 4/4
  1162 | D:2      | Reached skill level 1 in Short Blades
  1561 | D:2      | Reached XP level 5. HP: 32/32 MP: 5/5
  1905 | D:3      | Noticed an ogre
  1912 | D:3      | Killed an ogre
  1912 | D:3      | Reached skill level 1 in Armour
  1912 | D:3      | Reached XP level 6. HP: 37/37 MP: 6/6
  2904 | D:4      | Noticed Duvessa
  2904 | D:4      | Noticed Dowan
  2913 | D:4      | Killed Duvessa
  2916 | D:4      | Killed Dowan
  2916 | D:4      | Reached XP level 7. HP: 22/41 MP: 7/7
  3185 | D:4      | Found a runed translucent door.
  3185 | D:4      | Noticed OleJ's ghost (amateur HaHu)
  3375 | D:4      | Found an iron altar of Okawaru.
  3377 | D:4      | Found the +8 demon blade "Bloodbane" {slice, *Rage +Rage
                  | Stlth-}
  3397 | D:4      | Became a worshipper of Warmaster Okawaru
  3457 | D:4      | Noticed Robin
  3487 | D:4      | Killed Robin
  3513 | D:4      | Noticed Ijyb
  3525 | D:4      | Killed Ijyb
  3661 | D:4      | Reached skill level 1 in Long Blades
  3955 | D:5      | Entered Level 5 of the Dungeon
  4057 | D:5      | Reached * piety under Okawaru
  4057 | D:5      | Reached XP level 8. HP: 18/48 MP: 8/8
  4521 | D:5      | Found a bloodstained altar of Trog.
  4537 | D:5      | Found the brooch of Shielding {Reflect SH+8}
  4678 | D:6      | Reached ** piety under Okawaru
  4757 | D:6      | Reached skill level 5 in Long Blades
  4779 | D:6      | Noticed Blork the orc
  4785 | D:6      | Killed Blork the orc
  4785 | D:6      | Reached XP level 9. HP: 52/52 MP: 9/9
  5330 | D:7      | Found a staircase to the Ecumenical Temple.
  6136 | D:8      | Noticed a troll
  6144 | D:8      | Killed a troll
  6144 | D:8      | Reached skill level 5 in Fighting
  6238 | D:8      | Reached *** piety under Okawaru
  6286 | D:8      | Reached XP level 10. HP: 24/60 MP: 10/10
  6618 | D:8      | Found a shattered altar of Ashenzari.
  6700 | D:8      | Reached **** piety under Okawaru
  6879 | D:8      | Found Umnehov's Weapon Emporium.
  7071 | D:8      | Found a burning altar of Makhleb.
  7351 | D:9      | Reached skill level 5 in Dodging
  7502 | D:9      | Received a gift from Okawaru
  7628 | D:9      | Found a hide-covered altar of Uskayaw.
  7858 | D:10     | Entered Level 10 of the Dungeon
  8212 | D:10     | Noticed a two-headed ogre
  8232 | D:10     | Killed a two-headed ogre
  8232 | D:10     | Reached skill level 5 in Armour
  8232 | D:10     | Reached XP level 11. HP: 29/67 MP: 8/11
  8550 | D:10     | Reached ***** piety under Okawaru
  8553 | D:10     | Noticed a two-headed ogre
  8812 | D:10     | Received a gift from Okawaru
  8900 | D:10     | Killed a two-headed ogre
 10142 | D:11     | Reached skill level 1 in Shields
 10184 | D:11     | Noticed a cyclops
 10224 | D:11     | Killed a cyclops
 10280 | D:11     | Received a gift from Okawaru
 10314 | D:11     | Noticed a manticore
 10326 | D:11     | Killed a manticore
 10584 | D:11     | Found a staircase to the Lair.
 10674 | D:11     | Reached skill level 5 in Stealth
 10936 | D:12     | Noticed a green ugly thing
 10951 | D:12     | Killed a green ugly thing
 10951 | D:12     | Reached XP level 12. HP: 49/75 MP: 12/12
 11225 | D:12     | Reached skill level 10 in Long Blades
 11259 | D:12     | Noticed a two-headed ogre
 11451 | D:12     | Killed a two-headed ogre
 11661 | D:12     | Received a gift from Okawaru
 11689 | D:12     | Noticed Kirke
 11715 | D:12     | Killed Kirke
 11780 | D:12     | Found Puschismi's Armour Shop.
 11830 | D:12     | Bought the +2 leather armour "Jaud" {+Blink rN+ MR+ Str+2}
                  | for 520 gold pieces
 11922 | D:12     | Found a staircase to the Orcish Mines.
 12304 | Orc:1    | Entered Level 1 of the Orcish Mines
 12309 | Orc:1    | Received a gift from Okawaru
 12596 | Orc:1    | Reached XP level 13. HP: 81/81 MP: 13/13
 12814 | Orc:2    | Entered Level 2 of the Orcish Mines
 13173 | Orc:2    | Found a staircase to the Elven Halls.
 13176 | Orc:2    | Reached skill level 10 in Fighting
 13263 | Elf:1    | Entered Level 1 of the Elven Halls
 13284 | Elf:1    | Reached skill level 5 in Shields
 13292 | Elf:1    | Killed from afar by a deep elf mage

Levels and vault maps discovered:
D:1:      elethiomel_arrival_shortcut, layout_basic, st_stairs_4
D:2:      layout_loops_ring
D:3:      layout_rooms
D:4:      layout_loops_corners, okawaru_gym_becter, gammafunk_ghost_grave,
          uniq_ijyb, uniq_duvessa, uniq_robin
D:5:      layout_loops_ring, first_ration, lemuel_altar_in_water
D:6:      layout_loops_ring, uniq_blork_the_orc
D:7:      nicolae_whirlpool, layout_loops_cross,
          minmay_temple_entry_gardened_gates, roderic_lattice_a,
          corexii_checkpoint_a
D:8:      layout_basic, cheibrodos_ashenzari_chains, old_standard_altar,
          serial_shops, shop, hangedman_abyss_or_decor_slice
D:9:      layout_roguey, lemuel_round_altar
D:10:     layout_long_grid, special_room [special_room_orc]
D:11:     layout_cave_pools, david_lair_shrubbed, grunt_tengu_nest
D:12:     layout_irregular_city, kennysheep_orc_monster_closet_entryway,
          serial_shops, nicolae_shop_trees, serial_undead, serial_undead_d,
          serial_undead_d, serial_undead_c, serial_undead_b, uniq_kirke
D:13:     layout_basic, minmay_door_square, uniq_snorg
Orc:1:    layout_diamond_mine, serial_shops, shop
Orc:2:    pf_orc_diabolical, layout_diamond_mine
Elf:1:    eino_elf_arrival_customs, layout_loops_corners, serial_shops, shop,
          nicolae_shop_window_shopping, nicolae_shop_stone,
          nicolae_shop_window_shopping, nicolae_shop_crystal,
          hangedman_elf_disciples, minivault_16

Skill      XL: |  1  2  3  4  5  6  7  8  9 10 11 12 13 |
---------------+----------------------------------------+-----
Crossbows      | 5 6 |  6.7
Short Blades   | 1 2 4 |  4.2
Fighting       | 3 4 5 7 8 9 10 | 10.2
Armour         | 1 2 3 4 5 6 7 |  7.6
Dodging        | 3 4 5 7 |  7.0
Long Blades    | 2 5 7 9 10 | 10.7
Stealth        | 5 7 |  7.1
Shields        | 2 4 5 |  5.0
Unarmed Combat | |  0.1
Invocations    | |  0.1

Action                   |  1- 3 |  4- 6 |  7- 9 | 10-12 | 13-15 || total
-------------------------+-------+-------+-------+-------+-------++-------
Melee: Short sword       |    17 |    92 |       |       |       ||   109
       Demon blade       |       |       |   165 |   528 |    62 ||   755
       Unarmed           |       |       |     1 |       |       ||     1
 Fire: Hand crossbow     |    52 |    16 |     3 |       |       ||    71
Invok: Heroism           |       |       |       |    15 |     4 ||    19
 Abil: Evoke Blink       |       |       |       |     3 |     2 ||     5
  Use: Scroll            |     1 |     1 |     8 |    12 |       ||    22
       Potion            |       |       |     6 |     2 |       ||     8
 Stab: Sleeping          |     1 |     2 |       |     2 |     1 ||     6
       Distracted        |       |       |       |       |     1 ||     1
  Eat: Chunk             |       |     2 |     4 |    24 |       ||    30
       Ration            |       |     2 |     4 |     2 |       ||     8
Armor: Leather armour    |     2 |     8 |       |    18 |    13 ||    41
       Scale mail        |       |    27 |    62 |   154 |       ||   243
Dodge: Dodged            |    17 |    44 |    72 |   289 |    18 ||   440
Block: Buckler           |       |    28 |    40 |   245 |    33 ||   346
       Reflection        |       |       |       |     6 |     1 ||     7
       Rpst.: Demon blade |       |       |    25 |    73 |     5 ||   103
